 Dungeon Sprint DCSS version 0.30.1-9-gdf580d7c3d (webtiles) character file.

Game seed: 13672559835310277802

950 Heoruswealwe the Spear-Bearer (level 7, 0/74 HPs)
             Began as a Minotaur Fighter on Oct 25, 2023.
             Was an Initiate of Gozag.
             Slain by a tengu warrior
             ... wielding a +0 bardiche
              (1 damage)
             ... while petrified by a basilisk
             ... in the Dungeon (Sprint IX: "|||||||||||||||||||||||||||||").
             The game lasted 00:02:45 (263 turns).

Heoruswealwe the Spear-Bearer (Minotaur Fighter)     Turns: 263, Time: 00:02:46

Health: 0/74       AC:  9    Str: 23    XL:     7   Next: 90%
Magic:  6/6        EV:  2    Int:  5    God:    Gozag
Gold:   477        SH:  0    Dex:  9    Spells: 6/6 levels left

rFire   . . .        b - +2 halberd (venom)
rCold   . . .        (shield currently unavailable)
rNeg    + + +        c - +2 ring mail
rPois   ∞            (helmet restricted)
rElec   .            (no cloak)
rCorr   .            (no gloves)
SInv    .            (no boots)
Will    .....        (no amulet) Stlth
                     (no ring)
HPRegen 0.32/turn    (no ring)
MPRegen 0.10/turn

%: no teleportation
@: petrified, gold aura
A: horns 2, retaliatory headbutt
a: Renounce Religion, Potion Petition, Call Merchant, Bribe Branch


You were in the Dungeon.
You worshipped Gozag.
Gozag was aware of your devotion.
You visited 1 branch You collected 477 gold pieces.

Inventory:

Hand Weapons
 a - a +0 trident
 b - a +2 halberd of venom (weapon)
Armour
 c - a +2 ring mail (worn)
 d - a +0 kite shield
Wands
 h - a wand of iceblast (10)
Scrolls
 j - 2 scrolls of blinking
Potions
 e - 5 potions of curing
 g - a potion of haste
 i - a potion of berserk rage
 k - a potion of might


   Skills:
 + Level 11.0 Fighting
 * Level 14.6 Polearms
 + Level 11.0 Armour
 - Level 3.6 Shields


You had 6 spell levels left.
You didn't know any spells.
Your spell library was empty.

Dungeon Overview and Level Annotations

Branches:
Dungeon (1/1)

Altars:
Cheibriados
Dithmenos
Elyvilon
Fedhas
Gozag
Hepliaklqana
Kikubaaqudgha
Makhleb
Nemelex Xobeh
Okawaru
Qazlal
Ru
Sif Muna
Trog
Uskayaw
Vehumet
Wu Jian
Xom
Yredelemnul
Zin
The Shining One
Jiyva
Lugonu


Innate Abilities, Weirdness & Mutations

You have a pair of horns on your head.
You reflexively headbutt those who attack you in melee.


Message History

The tengu warrior hits you from afar with a +0 bardiche!
You puncture the basilisk! Your headbutt misses the basilisk.
The basilisk is lightly wounded.
The basilisk closely misses you.
You closely miss the basilisk.
The basilisk is lightly wounded.
The tengu warrior hits you from afar with a +0 bardiche!
* * * LOW HITPOINT WARNING * * *
You barely miss the basilisk.
The basilisk is lightly wounded.
The spriggan changes into a salamander!
The basilisk gazes at you. You resist with significant effort.
The tengu warrior hits you but does no damage.
You slice the basilisk!!
The basilisk is severely wounded.
The basilisk closely misses you.
The tengu warrior hits you from afar with a +0 bardiche!
* * * LOW HITPOINT WARNING * * *
You feel much better. The basilisk gazes at you.
You are slowing down.
The tengu warrior hits you from afar with a +0 bardiche!
You impale the basilisk!!
You kill the basilisk!
The tengu warrior hits you from afar with a +0 bardiche!
Your limbs are stiffening.
Your Fighting skill increases to level 11!
Your Armour skill increases to level 11!
The tengu warrior hits you with a +0 bardiche!!
* * * LOW HITPOINT WARNING * * *
The tengu warrior pecks you but does no damage.
The tengu warrior closely misses you.
The salamander is distracted by your dazzling golden aura.
You have turned to stone.
The tengu warrior hits you with a +0 bardiche!!
* * * LOW HITPOINT WARNING * * *
The tengu warrior pecks you.
You die...
Your body crumbles into a pile of gold.

▓.▓
▓.▓
▓.▓
▓Y▓
▓O▓
▓N▓
▓Q▓
▓@▓
$
▓.▓
$
▓.▓
$ $
▓.▓
$
▓)▓
$
▓)▓
▓'▓
$
▓[▓
$
▓=▓
$


You could see a catoblepas, a salamander shaped shifter, a tengu warrior and a
two-headed ogre.

Vanquished Creatures
  2 wraiths (D)
  A yak (D)
  2 basilisks (D)
  A gnoll sergeant (D)
  A killer bee (D)
  A howler monkey (D)
  A jelly (D)
  An iguana (D)
  An orc wizard (D)
  An adder (D)
  An orc (D)
  A goblin (D)
  A jackal (D)
  2 ball pythons (D)
  A frilled lizard (D)
18 creatures vanquished.

Notes
Turn   | Place    | Note
-------+----------+-------------------------------------------
     0 | D        | Heoruswealwe the Minotaur Fighter began the quest for the
                  | Orb.
     0 | D        | Reached XP level 1. HP: 19/19 MP: 0/0
     9 | D        | Reached skill level 3 in Polearms
    33 | D        | Noticed an iguana
    33 | D        | Noticed a howler monkey
    33 | D        | Noticed a jelly
    35 | D        | Reached skill level 4 in Polearms
    35 | D        | Reached XP level 2. HP: 28/28 MP: 1/1
    36 | D        | Reached skill level 5 in Fighting
    36 | D        | Reached skill level 6 in Polearms
    36 | D        | Reached skill level 5 in Armour
    36 | D        | Reached XP level 3. HP: 36/36 MP: 2/2
    38 | D        | Reached skill level 7 in Polearms
    38 | D        | Reached XP level 4. HP: 44/44 MP: 3/3
    42 | D        | Reached skill level 8 in Polearms
    49 | D        | Found a snail-covered altar of Cheibriados.
    49 | D        | Found a shadowy altar of Dithmenos.
    49 | D        | Found a white marble altar of Elyvilon.
    49 | D        | Found a blossoming altar of Fedhas.
    49 | D        | Found an opulent altar of Gozag.
    50 | D        | Found a hazy altar of Hepliaklqana.
    51 | D        | Found a viscous altar of Jiyva.
    52 | D        | Found an ancient bone altar of Kikubaaqudgha.
    53 | D        | Found a corrupted altar of Lugonu.
    54 | D        | Found a burning altar of Makhleb.
    55 | D        | Found a sparkling altar of Nemelex Xobeh.
    56 | D        | Found an iron altar of Okawaru.
    57 | D        | Became a worshipper of Gozag Ym Sagoz the Greedy
    58 | D        | Found a stormy altar of Qazlal.
    59 | D        | Found a sacrificial altar of Ru.
    60 | D        | Found a shimmering blue altar of Sif Muna.
    61 | D        | Found a bloodstained altar of Trog.
    62 | D        | Found a hide-covered altar of Uskayaw.
    63 | D        | Found a radiant altar of Vehumet.
    64 | D        | Found an ornate altar of the Wu Jian Council.
    65 | D        | Found a shimmering altar of Xom.
    66 | D        | Found a basalt altar of Yredelemnul.
    67 | D        | Found a glowing silver altar of Zin.
    68 | D        | Found a glowing golden altar of the Shining One.
   116 | D        | Noticed a wraith
   116 | D        | Noticed a wraith
   116 | D        | Noticed a gnoll sergeant
   116 | D        | Noticed a yak
   119 | D        | Killed a yak
   120 | D        | Reached skill level 10 in Polearms
   120 | D        | Reached XP level 5. HP: 48/53 MP: 4/4
   125 | D        | Reached skill level 11 in Polearms
   125 | D        | Reached XP level 6. HP: 45/62 MP: 5/5
   136 | D        | Reached skill level 12 in Polearms
   138 | D        | Killed a wraith
   139 | D        | Reached XP level 7. HP: 47/71 MP: 6/6
   142 | D        | Killed a wraith
   143 | D        | Reached skill level 10 in Fighting
   143 | D        | Reached skill level 13 in Polearms
   143 | D        | Reached skill level 10 in Armour
   240 | D        | Noticed a catoblepas
   240 | D        | Noticed a two-headed ogre
   240 | D        | Noticed a spriggan
   240 | D        | Noticed a tengu warrior
   240 | D        | Noticed a basilisk
   240 | D        | Noticed a basilisk
   243 | D        | Killed a basilisk
   244 | D        | Reached skill level 14 in Polearms
   258 | D        | a spriggan changed into a salamander
   258 | D        | Noticed a salamander (shapeshifter)
   261 | D        | Killed a basilisk
   263 | D        | HP: 1/74 [tengu warrior/+0 bardiche (11)]
   263 | D        | Slain by a tengu warrior

Illustrated notes

Levels and vault maps discovered:
D:        linesprint [early_d, line_temple, items_1, d_10, items_2, lair_1,
          lair_end, items_3, orc_1, orc_end, items_4, d_15, swamp_1, shoals_1,
          snake_1, spider_1, d_20, vaults_1, items_5, swamp_end, shoals_end,
          snake_end, spider_end, vaults_end, d_27, items_6, zot_1, zot_end,
          crypt_end, forest_end, elf_end, slime_end, tomb_end, abyss_end,
          pan_hell_end]

Skill      XL: |  1  2  3  4  5  6  7 |
---------------+----------------------+-----
Polearms       | 4 6 7 10 11 12 14 | 14.6
Fighting       | 4 5 6 8 9 11 | 11.0
Armour         | 4 5 6 8 9 11 | 11.0
Shields        | |  3.6

Action                     |  1- 3 |  4- 6 |  7- 9 || total
---------------------------+-------+-------+-------++-------
  Melee: Trident           |    16 |     5 |       ||    21
         Headbutt          |     2 |     5 |     1 ||     8
         Halberd           |       |    19 |    13 ||    32
    Use: Potion            |       |       |     3 ||     3
 Armour: Scale mail        |     5 |       |       ||     5
         Ring mail         |       |     9 |     8 ||    17
  Dodge: Dodged            |     4 |     8 |     6 ||    18
  Block: Buckler           |     2 |       |       ||     2
